[Event "2026 Biel Blitz Open"]
[Site "Biel, CH"]
[Date "2026.07.19"]
[Round "11"]
[White "Habibi, Ali"]
[Black "Harish, Neeraj"]
[Result "0-1"]
[Board "30"]
[TimeControl "180+2"]
[WhiteFideId "4604393"]
[BlackFideId "30958130"]
[WhiteElo "2116"]
[BlackElo "1920"]
[WhiteTitle "IM"]
[BlackTitle "CM"]
[WhiteClock "0:00:03"]
[BlackClock "0:00:22"]
[Variant "Standard"]
[EndDate "2026.07.19"]
[EndTime "15:29:22"]

1. Nf3 d5 2. g3 Nd7 3. Bg2 e5 4. d3 Ngf6 5. O-O Bd6 6. c4 c6 7. cxd5 cxd5 8. Nc3 O-O 9. a3 Re8 10. b4 Nf8 11. Bg5 Be6 12. e4 d4 13. Ne2 h6 14. Bd2 Rc8 15. Ne1 N6d7 16. f4 f6 17. f5 Bf7 18. g4 a5 19. bxa5 Nc5 20. Bb4 Nb3 21. Rb1 Nxa5 22. h4 Bxb4 23. axb4 Nc6 24. Nf3 Qe7 25. Qd2 Ra8 26. b5 Ra2 27. Rb2 Rxb2 28. Qxb2 Nb4 29. Nc1 Rc8 30. Ne1 Rc3 31. g5 hxg5 32. hxg5 fxg5 33. Qa1 Qc5 34. Ne2 Rb3 35. f6 g6 36. Nc1 Qc3 37. Nxb3 Qxb3 38. Qa8 Nxd3 39. Qxb7 Nf4 40. Qe7 Qxb5 41. Nf3 0-1

[Event "2026 Biel Blitz Open"]
[Site "Biel, CH"]
[Date "2026.07.19"]
[Round "11"]
[White "Hirt, Markus"]
[Black "Tkhoruk, Roman"]
[Result "1/2-1/2"]
[Board "32"]
[TimeControl "180+2"]
[WhiteFideId "1302582"]
[BlackFideId "34161589"]
[WhiteElo "1880"]
[BlackElo "2055"]
[WhiteClock "0:00:06"]
[BlackClock "0:00:11"]
[Variant "Standard"]
[EndDate "2026.07.19"]
[EndTime "15:25:30"]

1. e4 c6 2. Nf3 d5 3. d3 dxe4 4. dxe4 Qxd1+ 5. Kxd1 Bg4 6. Be2 Bxf3 7. Bxf3 Nd7 8. Nd2 O-O-O 9. Ke2 e5 10. Rd1 Kc7 11. Nc4 f6 12. a4 Bc5 13. c3 b5 14. axb5 cxb5 15. Ne3 Ne7 16. Nd5+ Nxd5 17. Rxd5 Kc6 18. Bg4 Nb8 19. Rxd8 Rxd8 20. Be3 Bxe3 21. Kxe3 Kb6 22. Be6 a5 23. Bd5 Na6 24. g3 Nc7 25. Bb3 a4 26. Bc2 Ne6 27. h4 Nc5 28. h5 Ka5 29. h6 g6 30. f4 b4 31. fxe5 fxe5 32. cxb4+ Kxb4 33. Rf1 Rd7 34. Rf6 Ka5 35. Rf8 Rb7 36. Rh8 Rxb2 37. Bxa4 Kxa4 38. Rxh7 Rh2 39. Rh8 Kb4 40. h7 Kc4 41. Kf3 Rh1 42. Kg2 Rh6 43. Kf3 Rh5 44. Kg4 Rh1 45. Kg5 Nxe4+ 46. Kxg6 Nxg3 47. Rc8+ Kd3 48. h8=Q Rxh8 49. Rxh8 e4 50. Re8 e3 51. Rxe3+ Kxe3 1/2-1/2

[Event "2026 Biel Blitz Open"]
[Site "Biel, CH"]
[Date "2026.07.19"]
[Round "11"]
[White "Osmani, Xhevdet"]
[Black "Jelicic, Hugo"]
[Result "1-0"]
[Board "33"]
[TimeControl "180+2"]
[WhiteFideId "22104569"]
[BlackFideId "1349040"]
[WhiteElo "1959"]
[BlackElo "1804"]
[WhiteClock "0:01:25"]
[BlackClock "0:00:07"]
[Variant "Standard"]
[EndDate "2026.07.19"]
[EndTime "15:28:54"]

1. d4 d5 2. c3 e6 3. Bf4 Bd6 4. Bg3 Nf6 5. e3 c5 6. Nf3 Qc7 7. Nbd2 Nbd7 8. Be2 O-O 9. O-O Bxg3 10. hxg3 e5 11. dxe5 Ng4 12. Nb3 c4 13. Nbd4 Ngxe5 14. Qc2 a6 15. Rad1 b5 16. Ng5 Nf6 17. Nh3 Nc6 18. Bf3 g6 19. Rfe1 Nxd4 20. exd4 Bf5 21. Qd2 Rfe8 22. Qh6 Re7 23. Qg5 Qd6 24. Rxe7 Qxe7 25. Nf4 Rd8 26. g4 Be6 27. Re1 Kg7 28. Qe5 Rd7 29. g5 Qd6 30. Qxf6+ Kg8 31. Nxe6 fxe6 32. Rxe6 Qc7 33. Re8# 1-0

[Event "2026 Biel Blitz Open"]
[Site "Biel, CH"]
[Date "2026.07.19"]
[Round "11"]
[White "Trubini, Timon"]
[Black "Jehnichen, Kai"]
[Result "1-0"]
[Board "34"]
[TimeControl "180+2"]
[WhiteFideId "1347799"]
[BlackFideId "24684333"]
[WhiteElo "1788"]
[BlackElo "1952"]
[WhiteClock "0:00:07"]
[BlackClock "0:01:28"]
[Variant "Standard"]
[EndDate "2026.07.19"]
[EndTime "15:27:56"]

1. e4 c5 2. d4 cxd4 3. Nf3 Nc6 4. Nxd4 Qb6 5. Nb3 Nf6 6. Nc3 e6 7. Bd3 a6 8. O-O d6 9. Be3 Qc7 10. a4 Be7 11. a5 O-O 12. Kh1 e5 13. Bg5 Be6 14. Nd2 Nxa5 15. Re1 Ng4 16. Be3 Nxe3 17. Rxe3 Bg5 18. Re1 b5 19. Nf1 Nc4 20. b3 Nb6 21. Ne2 Kh8 22. Neg3 Qc5 23. Ne3 Bxe3 24. Rxe3 g6 25. Qf3 Qd4 26. Qf6+ Kg8 27. Rae1 Nd7 28. Qh4 f6 29. Qh6 Rf7 30. h4 Qb6 31. h5 g5 32. Nf5 Bxf5 33. exf5 d5 34. Rg3 Rg7 35. Rf1 e4 36. Be2 Qd6 37. f4 Qf8 38. fxg5 fxg5 39. Rxg5 Rxg5 40. Qxg5+ Qg7 41. Qf4 Qe5 42. Qg4+ Kh8 43. f6 Rg8 44. Qxd7 Qg5 45. Qh3 Rf8 46. f7 d4 47. Qe6 Qh4+ 48. Kg1 d3 49. Qe5+ 1-0

[Event "2026 Biel Blitz Open"]
[Site "Biel, CH"]
[Date "2026.07.19"]
[Round "11"]
[White "Havolli, Daut"]
[Black "Pinelli, Gian"]
[Result "1-0"]
[Board "35"]
[TimeControl "180+2"]
[WhiteFideId "1315200"]
[BlackFideId "1348710"]
[WhiteElo "1950"]
[BlackElo "1751"]
[WhiteClock "0:00:51"]
[BlackClock "0:00:04"]
[Variant "Standard"]
[EndDate "2026.07.19"]
[EndTime "15:28:43"]

1. d4 Nf6 2. Bf4 d5 3. Nc3 a6 4. f3 Bf5 5. h4 h6 6. e3 e6 7. Bd3 Bxd3 8. Qxd3 Bd6 9. Nge2 c5 10. e4 Bxf4 11. Nxf4 cxd4 12. Qxd4 Nc6 13. Qd3 d4 14. Nce2 e5 15. Nh3 Nd7 16. Nf2 Nc5 17. Qc4 Qe7 18. O-O-O Rd8 19. Nd3 Nxd3+ 20. cxd3 Rc8 21. Kb1 O-O 22. f4 Qd7 23. f5 Na5 24. Qb4 Nc6 25. Qd2 f6 26. g4 Qe7 27. Rdg1 Qb4 28. Qd1 Qe7 29. Nc1 Nb4 30. g5 hxg5 31. hxg5 fxg5 32. Qh5 Qf6 33. Rxg5 Rc7 34. Qh7+ Kf7 35. Rg6 Rxc1+ 36. Rxc1 Qd8 37. Qxg7+ Ke8 38. Re6+ 1-0

[Event "2026 Biel Blitz Open"]
[Site "Biel, CH"]
[Date "2026.07.19"]
[Round "11"]
[White "Dai, Wenzhi"]
[Black "Damen, Josephine"]
[Result "1-0"]
[Board "36"]
[TimeControl "180+2"]
[WhiteFideId "8608369"]
[BlackFideId "1074369"]
[WhiteElo "1943"]
[BlackElo "1766"]
[BlackTitle "WCM"]
[WhiteClock "0:00:20"]
[BlackClock "0:00:04"]
[Variant "Standard"]
[EndDate "2026.07.19"]
[EndTime "15:28:36"]

1. e4 e5 2. Nf3 Nc6 3. Bb5 a6 4. Ba4 Nf6 5. O-O Be7 6. Re1 b5 7. Bb3 O-O 8. c3 d5 9. exd5 Nxd5 10. Nxe5 Nxe5 11. Rxe5 c6 12. d4 Bd6 13. Re1 Qh4 14. g3 Qh3 15. Qd3 Bg4 16. Qf1 Qh5 17. Be3 Rae8 18. Nd2 f5 19. f4 Kh8 20. Bxd5 cxd5 21. Qg2 Re6 22. Qxd5 Rh6 23. Qg2 Bh3 24. Qf2 Bg4 25. a4 Re8 26. axb5 axb5 27. d5 Qh3 28. Bd4 Qh5 29. Rxe8+ Qxe8 30. Ra7 Rg6 31. Qe3 Qf8 32. Kf2 h5 33. h4 Bh3 34. Nf3 Bg4 35. Ng5 Qb8 1-0

[Event "2026 Biel Blitz Open"]
[Site "Biel, CH"]
[Date "2026.07.19"]
[Round "11"]
[White "Garcia, Miguel"]
[Black "Tahari, Youcef Nazim"]
[Result "1-0"]
[Board "37"]
[TimeControl "180+2"]
[WhiteFideId "1317431"]
[BlackFideId "282537"]
[WhiteElo "1938"]
[BlackElo "1691"]
[WhiteClock "0:00:35"]
[BlackClock "0:00:08"]
[Variant "Standard"]
[EndDate "2026.07.19"]
[EndTime "15:24:08"]

1. b3 g6 2. Bb2 Nf6 3. e3 Bg7 4. Nf3 d5 5. Nc3 O-O 6. Be2 c5 7. O-O Nc6 8. d4 b6 9. Ne5 Qc7 10. Nb5 Qb7 11. c4 cxd4 12. Nxc6 Qxc6 13. Nxd4 Qd7 14. Bf3 Bb7 15. cxd5 Bxd5 16. Rc1 Rad8 17. Qe2 e5 18. Bxd5 Qxd5 19. Nf3 Nd7 20. Rfd1 Qa5 21. Rc7 Nc5 22. Rxd8 Rxd8 23. Bxe5 Bxe5 24. Nxe5 Rd2 25. Qf3 Ne6 26. Qxf7+ Kh8 27. Qxh7# 1-0

[Event "2026 Biel Blitz Open"]
[Site "Biel, CH"]
[Date "2026.07.19"]
[Round "11"]
[White "Langner, Robin"]
[Black "Gautschi, Rudolf"]
[Result "1-0"]
[Board "38"]
[TimeControl "180+2"]
[WhiteFideId "34606190"]
[BlackFideId "1318489"]
[WhiteElo "2059"]
[BlackElo "1857"]
[WhiteClock "0:01:35"]
[BlackClock "0:01:10"]
[Variant "Standard"]
[EndDate "2026.07.19"]
[EndTime "15:21:04"]

1. d4 b6 2. c4 Bb7 3. Nc3 e6 4. e4 Nf6 5. Bd3 Bb4 6. f3 d6 7. Qa4+ Nc6 8. d5 Bxc3+ 9. bxc3 b5 10. Qxb5 exd5 11. cxd5 Nxd5 12. exd5 Qh4+ 13. g3 Qe7+ 14. Ne2 O-O 15. dxc6 Bc8 16. O-O Bh3 17. Re1 Qf6 18. Qh5 1-0

[Event "2026 Biel Blitz Open"]
[Site "Biel, CH"]
[Date "2026.07.19"]
[Round "11"]
[White "Marinkovic, Zoran"]
[Black "Freuler, Roman"]
[Result "1/2-1/2"]
[Board "39"]
[TimeControl "180+2"]
[WhiteFideId "1346083"]
[BlackFideId "1304283"]
[WhiteElo "2037"]
[BlackElo "1852"]
[WhiteClock "0:00:23"]
[BlackClock "0:00:16"]
[Variant "Standard"]
[EndDate "2026.07.19"]
[EndTime "15:29:52"]

1. e4 c5 2. Nf3 d6 3. d4 cxd4 4. Nxd4 Nf6 5. Nc3 Nc6 6. Be3 Ng4 7. Nxc6 bxc6 8. Qd2 Nxe3 9. Qxe3 e5 10. Bc4 Be7 11. O-O O-O 12. Rad1 Qb6 13. Qxb6 axb6 14. a3 Bb7 15. f3 Rfd8 16. g3 g6 17. Kf2 Kg7 18. h4 Rd7 19. Rd2 Rad8 20. Rfd1 Bc8 21. Bb3 Ra7 22. Rd3 Be6 23. Bxe6 fxe6 24. Rh1 h5 25. g4 hxg4 26. fxg4 Rh8 27. Rdh3 d5 28. Kg3 Bd8 29. Re1 Rf7 30. Re2 Rf1 31. h5 Bg5 32. hxg6 Rxh3+ 33. Kxh3 Bf4 34. Kg2 Rc1 35. Na4 b5 36. Nc5 Kf6 37. exd5 exd5 38. Nd7+ Kxg6 39. Nb8 Rb1 40. Nxc6 Rxb2 41. Nxe5+ Bxe5 42. Rxe5 Rxc2+ 43. Kf3 Rc3+ 44. Kf4 Rxa3 45. Rxd5 b4 46. Rb5 b3 47. g5 Ra4+ 48. Ke3 b2 49. Rxb2 1/2-1/2

[Event "2026 Biel Blitz Open"]
[Site "Biel, CH"]
[Date "2026.07.19"]
[Round "11"]
[White "King, Alexander"]
[Black "Floure, Alexan"]
[Result "0-1"]
[Board "40"]
[TimeControl "180+2"]
[WhiteFideId "1352334"]
[BlackFideId "1346610"]
[WhiteElo "1854"]
[BlackElo "1960"]
[WhiteClock "0:00:06"]
[BlackClock "0:02:15"]
[Variant "Standard"]
[EndDate "2026.07.19"]
[EndTime "15:22:30"]

1. d4 d5 2. c4 c6 3. Nf3 e6 4. e3 Bd6 5. Nc3 Ne7 6. Bd3 Nd7 7. O-O f5 8. b3 O-O 9. Bb2 Nf6 10. Ne5 Qe8 11. f3 Ng6 12. Nxg6 Qxg6 13. Qc2 Qh6 14. Rae1 Qxh2+ 15. Kf2 Bg3+ 16. Ke2 Qxg2+ 17. Kd1 Qxc2+ 18. Kxc2 Bxe1 19. Rxe1 Bd7 20. Na4 b6 21. Ba3 Rfe8 22. Nc3 Rac8 23. Bd6 c5 24. Kd2 dxc4 25. Bxc4 Bc6 26. Ba6 Rcd8 27. Bc7 Rd7 28. Be5 Bxf3 29. Bb5 cxd4 30. Bxd7 dxc3+ 31. Kxc3 Nxd7 32. Bd6 Rc8+ 33. Kb2 Be4 34. Re2 Nf6 35. Rd2 Nd5 36. Bf4 h6 0-1

[Event "2026 Biel Blitz Open"]
[Site "Biel, CH"]
[Date "2026.07.19"]
[Round "11"]
[White "Rohde, Bernhard"]
[Black "Jud, Marc"]
[Result "0-1"]
[Board "42"]
[TimeControl "180+2"]
[WhiteFideId "1323016"]
[BlackFideId "1309099"]
[WhiteElo "1845"]
[BlackElo "1946"]
[WhiteClock "0:00:05"]
[BlackClock "0:00:31"]
[Variant "Standard"]
[EndDate "2026.07.19"]
[EndTime "15:24:26"]

1. e4 c5 2. d4 cxd4 3. Nf3 d6 4. c3 Nf6 5. Bd3 Nc6 6. O-O a6 7. Bg5 Bg4 8. h3 Bh5 9. g4 Bg6 10. Re1 dxc3 11. Nxc3 h6 12. Bxf6 gxf6 13. e5 Bxd3 14. Qxd3 fxe5 15. Nd5 e6 16. Nc3 Be7 17. Qe3 Qc7 18. Nh2 d5 19. Qe2 Qb6 20. Na4 Qa7 21. Rac1 Rc8 22. Nf3 e4 23. Ne5 Bd6 24. Nxc6 Rxc6 25. b3 Ke7 26. Qb2 e5 27. Rxc6 bxc6 28. Kg2 Qd4 29. Qc2 c5 30. Rd1 Qb4 31. Rxd5 Rc8 32. Qd2 Qxd2 33. Rxd2 Rc6 34. Rc2 Ke6 35. b4 c4 36. Nb2 c3 37. Na4 Bxb4 38. a3 Ba5 39. Kg3 Kd5 40. Kh4 Kd4 41. Kh5 Kd3 42. Rxc3+ Bxc3 43. Nxc3 Kxc3 0-1

[Event "2026 Biel Blitz Open"]
[Site "Biel, CH"]
[Date "2026.07.19"]
[Round "11"]
[White "Delion, Helge"]
[Black "Hajduk, Tomasz"]
[Result "0-1"]
[Board "43"]
[TimeControl "180+2"]
[WhiteFideId "12914568"]
[BlackFideId "21811415"]
[WhiteElo "1911"]
[BlackElo "1791"]
[WhiteClock "0:00:12"]
[BlackClock "0:00:53"]
[Variant "Standard"]
[EndDate "2026.07.19"]
[EndTime "15:28:24"]

1. e4 c5 2. Nf3 d6 3. d4 cxd4 4. Nxd4 Nf6 5. Nc3 a6 6. f4 e5 7. Nf3 Nbd7 8. a4 Be7 9. Bd3 O-O 10. O-O Qb6+ 11. Kh1 exf4 12. a5 Qc7 13. Bxf4 Ne5 14. Nd4 Bg4 15. Qe1 Rac8 16. h3 Bd7 17. Nf5 Bxf5 18. exf5 Nxd3 19. cxd3 Rfe8 20. Qf2 Qc5 21. Qxc5 dxc5 22. Rae1 Bf8 23. Be5 Nd7 24. Bg3 Nb8 25. Nd5 Nc6 26. f6 g6 27. Rxe8 Rxe8 28. Bc7 Re2 29. b3 Nd4 30. Rc1 Nxb3 31. Rc3 Nd4 32. Ne7+ Bxe7 33. fxe7 Rxe7 34. Rxc5 Nf5 35. Bf4 Rd7 36. Be5 f6 37. Rc7 Rxc7 38. Bxc7 Kf7 39. Kg1 Ke6 40. Kf2 Kd5 41. Ke2 Nd4+ 42. Kd2 f5 43. Kc3 Nb5+ 0-1

[Event "2026 Biel Blitz Open"]
[Site "Biel, CH"]
[Date "2026.07.19"]
[Round "11"]
[White "Alexakis, Dimitrios"]
[Black "Materia, Mario"]
[Result "1-0"]
[Board "44"]
[TimeControl "180+2"]
[WhiteFideId "4200527"]
[BlackFideId "651082241"]
[WhiteElo "1895"]
[BlackElo "1723"]
[WhiteClock "0:00:15"]
[BlackClock "0:00:03"]
[Variant "Standard"]
[EndDate "2026.07.19"]
[EndTime "15:26:35"]

1. e4 e5 2. Nf3 Nc6 3. d4 exd4 4. Nxd4 Nf6 5. Nc3 Bb4 6. Nxc6 bxc6 7. Bd3 d5 8. exd5 O-O 9. O-O cxd5 10. Bg5 c6 11. Ne2 Be7 12. Nd4 c5 13. Nc6 Qc7 14. Nxe7+ Qxe7 15. Qf3 Be6 16. Rfe1 h6 17. Bh4 c4 18. Bf5 Rae8 19. c3 Qd7 20. Bxf6 Bxf5 21. Qg3 Bg6 22. Bd4 Rxe1+ 23. Rxe1 Re8 24. Rxe8+ Qxe8 25. h4 Qe1+ 26. Kh2 Qe2 27. Qb8+ Kh7 28. Qf8 f6 29. Qd6 Be4 30. Qg3 Qh5 31. f3 Bf5 32. Bxa7 Be6 33. a4 Qf5 34. a5 Qc2 35. Bd4 Qxb2 36. a6 Qa2 37. a7 Qa6 38. Qb8 Qd6+ 39. Qxd6 1-0

[Event "2026 Biel Blitz Open"]
[Site "Biel, CH"]
[Date "2026.07.19"]
[Round "11"]
[White "Lupei, Denis"]
[Black "Chu, Wa Ching David"]
[Result "1-0"]
[Board "45"]
[TimeControl "180+2"]
[WhiteFideId "34611231"]
[BlackFideId "6013180"]
[WhiteElo "1890"]
[BlackElo "1673"]
[WhiteClock "0:02:52"]
[BlackClock "0:02:32"]
[Variant "Standard"]
[EndDate "2026.07.19"]
[EndTime "15:28:02"]

1. e4 g6 2. d4 Bg7 3. Nc3 d6 4. g3 e6 5. Bg2 Ne7 6. Nge2 O-O 7. O-O b6 8. e5 d5 9. Bg5 h6 10. Be3 Bb7 11. Qd2 Kh7 12. f4 Nf5 13. g4 Nxe3 14. Qxe3 Nd7 15. f5 Qg5 16. Qh3 gxf5 17. gxf5 Rg8 18. fxe6 fxe6 19. Qxe6 Nf8 20. Qf5+ Ng6 21. Qxg5 hxg5 22. Nxd5 Rad8 23. Nxc7 Bxg2 24. Kxg2 Nh4+ 1-0

[Event "2026 Biel Blitz Open"]
[Site "Biel, CH"]
[Date "2026.07.19"]
[Round "11"]
[White "Aryan Goyal"]
[Black "Baury, Noe"]
[Result "1-0"]
[Board "47"]
[TimeControl "180+2"]
[WhiteFideId "366108825"]
[BlackFideId "651086867"]
[WhiteElo "1748"]
[BlackElo "1886"]
[WhiteClock "0:00:07"]
[BlackClock "0:00:06"]
[Variant "Standard"]
[EndDate "2026.07.19"]
[EndTime "15:30:12"]

1. e4 e5 2. Nf3 Nc6 3. Bb5 g6 4. O-O Bg7 5. c3 Nge7 6. d4 exd4 7. cxd4 a6 8. Ba4 b5 9. Bb3 d6 10. Re1 O-O 11. a4 Bg4 12. Be3 Bxf3 13. gxf3 Kh8 14. Nc3 Rb8 15. axb5 axb5 16. d5 Ne5 17. f4 Nc4 18. Bd4 Qd7 19. Bxg7+ Kxg7 20. Qd4+ Kg8 21. f3 Qh3 22. Qf2 Qd7 23. Ra7 Nb6 24. e5 Nf5 25. e6 Qe7 26. exf7+ Qxf7 27. Nxb5 Nxd5 28. Rxc7 Rxb5 29. Rxf7 Rxf7 30. Re8+ Kg7 31. Bxd5 Rxd5 32. Re1 Nd4 33. Re4 Nc6 34. Qc2 Rc5 35. Qd2 d5 36. Re1 d4 37. b4 Rcf5 38. Kg2 Rxf4 39. b5 Ne7 40. Re4 R4f6 41. Qxd4 Nf5 42. Qd2 h6 43. Qf2 g5 44. b6 Rb7 45. Qc5 Nh4+ 46. Kh1 Nxf3 47. Re7+ Rf7 48. Rxf7+ Rxf7 49. Qd5 Nh4 50. Kg1 Nf3+ 51. Kg2 g4 52. b7 Rf8 53. Qd7+ Kg6 54. Qd6+ 1-0

[Event "2026 Biel Blitz Open"]
[Site "Biel, CH"]
[Date "2026.07.19"]
[Round "11"]
[White "Vedant Nayudu"]
[Black "Mikavica, Mirko"]
[Result "1/2-1/2"]
[Board "49"]
[TimeControl "180+2"]
[WhiteFideId "33369780"]
[BlackFideId "908657"]
[WhiteElo "1732"]
[BlackElo "2015"]
[WhiteClock "0:00:04"]
[BlackClock "0:00:48"]
[Variant "Standard"]
[EndDate "2026.07.19"]
[EndTime "15:30:36"]

1. e4 d6 2. d4 Nf6 3. Nc3 Nbd7 4. f4 e5 5. Nf3 exd4 6. Qxd4 c6 7. Be3 d5 8. exd5 Bc5 9. Qd2 Qe7 10. dxc6 bxc6 11. Nd1 Nd5 12. Kf2 N7f6 13. Bd3 O-O 14. h3 Nxf4 15. Bxc5 Qxc5+ 16. Qe3 Qxe3+ 17. Nxe3 Nxd3+ 18. cxd3 Ba6 19. Rhd1 Rfd8 20. d4 Rab8 21. b3 Ne4+ 22. Kg1 Nc3 23. Re1 Ne2+ 24. Kf2 Nxd4 25. Nxd4 Rxd4 26. Rac1 Rd2+ 27. Kg1 Bb7 28. Rc2 Rd7 29. Nc4 f6 30. Na5 Rc7 31. Rec1 Rbc8 32. Nxb7 Rxb7 33. Rxc6 Rxc6 34. Rxc6 Kf7 35. Kf2 Rd7 36. Ke3 h5 37. Rc5 g5 38. a4 Rb7 39. Rc3 Ke6 40. Rc6+ Ke5 41. Rc5+ Kd6 42. Rc3 Kd5 43. Kd3 f5 44. a5 Rb5 45. Rc8 Rxa5 46. Rg8 g4 47. Rg5 Ke5 48. Rxh5 gxh3 49. Rxh3 Rb5 50. Kc4 Rb7 51. Rh6 Kf4 52. b4 Ke3 53. Re6+ Kf2 54. Rf6 Kxg2 55. Rxf5 Kg3 56. Kc5 Kg4 57. Rf8 Rc7+ 58. Kb5 Rb7+ 59. Ka5 Kg5 60. b5 Kg6 61. Ka6 Rb6+ 62. Ka5 Rb7 63. Rf2 Kg7 64. Rf3 Kg8 65. Rd3 Kf7 66. Re3 Kf8 67. Re6 Kf7 68. Rh6 Ke8 69. Rh8+ Kd7 70. Rh7+ Kc8 71. Rh8+ Kc7 72. Rh6 Kc8 73. Rc6+ Kb8 74. Ka6 Rh7 75. Re6 Rh8 76. Rg6 Rc8 77. Rc6 Rd8 78. Re6 Rc8 79. Ka5 Kb7 80. Re7+ Kb8 81. Ka6 Rh8 82. Rxa7 Rh1 83. Rb7+ Ka8 84. Rf7 Rh8 85. b6 Rd8 86. Rc7 Rh8 87. Re7 Rg8 88. Rd7 Rh8 89. Ra7+ Kb8 90. Rb7+ Ka8 91. Rc7 Rg8 92. Rh7 Rf8 93. Kb5 Rf5+ 94. Kc6 Rf6+ 95. Kc7 Rf8 96. b7+ Ka7 97. Rd7 Rb8 98. Kc6 Rh8 99. Rd4 Rh7 1/2-1/2

[Event "2026 Biel Blitz Open"]
[Site "Biel, CH"]
[Date "2026.07.19"]
[Round "11"]
[White "Valsecchi, Luca"]
[Black "Boner, Timm"]
[Result "0-1"]
[Board "51"]
[TimeControl "180+2"]
[WhiteFideId "1368524"]
[BlackFideId "1330039"]
[WhiteElo "1869"]
[BlackElo "1705"]
[WhiteClock "0:00:47"]
[BlackClock "0:00:58"]
[Variant "Standard"]
[EndDate "2026.07.19"]
[EndTime "15:30:23"]

1. Nf3 Nc6 2. g3 e5 3. Bg2 Nf6 4. O-O d5 5. d3 Bd6 6. Nbd2 O-O 7. e4 dxe4 8. dxe4 Bc5 9. Qe2 Re8 10. Nb3 Bb6 11. Rd1 Qe7 12. a4 Rd8 13. Be3 Bg4 14. h3 Bxf3 15. Bxf3 Nd4 16. Nxd4 exd4 17. Bg5 h6 18. Bf4 g5 19. Bd2 c5 20. a5 Bc7 21. a6 Qe5 22. axb7 Rab8 23. Rxa7 c4 24. Qxc4 Bb6 25. Ra8 Rxa8 26. bxa8=Q Rxa8 27. Qc6 Rb8 28. Ra1 Kg7 29. Ra8 Rxa8 30. Qxa8 h5 31. Qc6 Bd8 32. Bb4 g4 33. hxg4 hxg4 34. Bg2 Be7 35. Bxe7 Qxe7 36. Qc4 Qe5 37. b4 Nxe4 38. Bxe4 Qxe4 39. Qf1 Qxc2 40. b5 d3 41. b6 d2 42. Qa1+ Kg8 43. Qa8+ Kg7 0-1

[Event "2026 Biel Blitz Open"]
[Site "Biel, CH"]
[Date "2026.07.19"]
[Round "11"]
[White "Amsellem, Daniel"]
[Black "Berezovskii, Arina"]
[Result "0-1"]
[Board "52"]
[TimeControl "180+2"]
[WhiteFideId "1363522"]
[BlackFideId "34449850"]
[WhiteElo "1723"]
[BlackElo "1851"]
[BlackTitle "WCM"]
[WhiteClock "0:00:40"]
[BlackClock "0:00:42"]
[Variant "Standard"]
[EndDate "2026.07.19"]
[EndTime "15:29:08"]

1. c4 e6 2. g3 Nf6 3. Bg2 d5 4. d4 Bb4+ 5. Bd2 Bxd2+ 6. Nxd2 O-O 7. Ngf3 b6 8. O-O Bb7 9. Qc2 Ne4 10. Nxe4 dxe4 11. Ne5 f5 12. Rfd1 Nd7 13. Nxd7 Qxd7 14. e3 Qe7 15. Rac1 Rfd8 16. c5 Bd5 17. b4 a5 18. b5 Rac8 19. c6 Qb4 20. a4 Bb3 21. Qc3 Qxc3 22. Rxc3 Bxd1 23. Rc4 Bb3 24. Rc3 Bxa4 25. Bf1 Kf7 26. Bc4 Bd1 27. Kf1 a4 28. Rc1 Bb3 29. Be2 a3 30. Ra1 Ra8 31. Ke1 Ra5 32. Kd2 Rda8 33. Kc3 Bd5 34. h4 a2 35. f4 exf3 36. Bf1 Ra3+ 0-1

[Event "2026 Biel Blitz Open"]
[Site "Biel, CH"]
[Date "2026.07.19"]
[Round "11"]
[White "Koehler, Noe"]
[Black "Zumbrunn, Simon"]
[Result "1-0"]
[Board "53"]
[TimeControl "180+2"]
[WhiteFideId "1362488"]
[BlackFideId "1364146"]
[WhiteElo "1639"]
[BlackElo "1802"]
[WhiteClock "0:00:56"]
[BlackClock "0:01:17"]
[Variant "Standard"]
[EndDate "2026.07.19"]
[EndTime "15:21:44"]

1. e4 e5 2. Nf3 Nc6 3. d4 exd4 4. Bc4 Nf6 5. e5 d5 6. Bb5 Ne4 7. Nxd4 Bd7 8. Bxc6 bxc6 9. O-O Bc5 10. f3 Ng5 11. f4 Ne6 12. Be3 g6 13. Qd3 Bb6 14. Nxe6 Bxe6 15. Nd2 O-O 16. c3 Bf5 17. Qe2 d4 18. cxd4 Bxd4 19. Rad1 Bc2 20. Rc1 Ba4 21. Qf2 Bxb2 22. Rb1 Bc3 23. Ne4 Ba5 24. Nf6+ Kg7 25. Qh4 Rh8 26. f5 Bb6 27. Qh6# 1-0

[Event "2026 Biel Blitz Open"]
[Site "Biel, CH"]
[Date "2026.07.19"]
[Round "11"]
[White "Huettinger, Jonathan"]
[Black "Delesenne, Arthur"]
[Result "0-1"]
[Board "54"]
[TimeControl "180+2"]
[WhiteFideId "1366750"]
[BlackFideId "276979"]
[WhiteElo "1565"]
[BlackElo "1789"]
[WhiteClock "0:00:10"]
[BlackClock "0:01:06"]
[Variant "Standard"]
[EndDate "2026.07.19"]
[EndTime "15:27:42"]

1. e4 c6 2. d4 d5 3. e5 Bf5 4. Nf3 e6 5. c3 c5 6. g3 Nc6 7. Be3 cxd4 8. cxd4 Nge7 9. Bg2 Bg4 10. O-O Nf5 11. Qd3 Be7 12. Nbd2 O-O 13. a3 a5 14. h3 Bh5 15. g4 Nxe3 16. Qxe3 Bg6 17. Rac1 Qb6 18. Nb3 Rfc8 19. Rc3 a4 20. Nc5 Bxc5 21. Rxc5 Qxb2 22. h4 Be4 23. Ng5 Bxg2 24. Kxg2 Qxd4 25. Rxc6 Qxg4+ 26. Qg3 Qxg3+ 27. fxg3 bxc6 28. Rc1 c5 29. Nf3 c4 30. Nd4 Rab8 31. Nc2 Rb3 32. Kh3 Rcb8 33. Kg4 Rc3 34. h5 Rb2 35. Kg5 Rcxc2 36. Rxc2 Rxc2 37. h6 gxh6+ 38. Kxh6 Rg2 39. g4 Rxg4 40. Kh5 Rg3 41. Kh6 c3 42. Kh5 c2 43. Kh4 Rg6 0-1

[Event "2026 Biel Blitz Open"]
[Site "Biel, CH"]
[Date "2026.07.19"]
[Round "12"]
[White "Kozak, Adam"]
[Black "Bu, Xiangzhi"]
[Result "1/2-1/2"]
[Board "1"]
[TimeControl "180+2"]
[WhiteFideId "753246"]
[BlackFideId "8601445"]
[WhiteElo "2537"]
[BlackElo "2719"]
[WhiteTitle "GM"]
[BlackTitle "GM"]
[WhiteClock "0:00:05"]
[BlackClock "0:00:16"]
[Variant "Standard"]
[EndDate "2026.07.19"]
[EndTime "16:01:05"]

1. Nf3 c5 2. b3 Nc6 3. Bb2 d5 4. e3 Nf6 5. Bb5 Bd7 6. O-O e6 7. Bxc6 Bxc6 8. Ne5 Rc8 9. d3 Nd7 10. Nxc6 Rxc6 11. Nd2 Bd6 12. f4 O-O 13. e4 d4 14. a4 Bc7 15. Bc1 a6 16. Qe2 f5 17. g3 e5 18. fxe5 fxe4 19. Rxf8+ Qxf8 20. Nxe4 Bxe5 21. Bd2 h6 22. Rf1 Qe8 23. Qf3 Nf6 24. Re1 Qd7 25. Nxf6+ Rxf6 26. Qe4 Bd6 27. Qd5+ Qf7 28. Re8+ Kh7 29. Qxf7 Rxf7 30. Re6 Rd7 31. Kg2 Kg8 32. Bf4 Bxf4 33. gxf4 Kf7 34. Rb6 Re7 35. Kf3 Re3+ 36. Kf2 Re7 37. a5 g6 38. Kf3 Re3+ 39. Kf2 Re7 40. Kg3 Re3+ 41. Kg4 Re7 42. f5 gxf5+ 43. Kxf5 Kg7 44. h4 h5 45. Kf4 Kf7 46. Kg5 Re5+ 47. Kh6 Re2 48. Rxb7+ Kf6 49. Rb6+ Kf5 50. Rc6 Rxc2 51. b4 c4 52. dxc4 d3 53. c5 Rc4 54. Rd6 Rxb4 55. Rxd3 Rxh4 56. Rc3 Rb4 57. c6 Rb8 58. c7 Rc8 59. Rc5+ Ke6 60. Kxh5 Kd6 61. Rc3 Rxc7 62. Rb3 Rc5+ 63. Kg4 Rxa5 64. Kf3 Kc5 65. Ke3 Kc4 66. Rb8 Rd5 67. Ra8 a5 68. Rc8+ Kb3 69. Rb8+ Kc2 70. Ra8 Rb5 71. Kd4 Kb3 72. Rh8 a4 73. Rh3+ Kb4 74. Rh1 Ka5 75. Kc3 a3 76. Rh8 1/2-1/2